Map: Bel'Shir Vestige LE (Void)

Players

Railgan - Winner!

  • Race: Zerg Zerg
  • League: Grandmaster
  • Spawn Location: 11:00

Zelos

  • Race: Terran Terran
  • League: Grandmaster
  • Spawn Location: 5:00

VOD

Have the link to the VOD?

Description

Time

  • Played on: March 13, 2017, 6:23 p.m.
  • Length: 9:35
Show
View Real Time Build Order
Export as new Build Order

Railgan Zerg - Winner!

Build Orders: Pool First 

Get SALT Encoding   

  12  0:03  Drone  
  13  0:12  Overlord  
  13  0:17  Drone  
  14  0:30  Drone x2  
  16  0:35  Drone  
  17  0:47  Drone, Spawning Pool  
  17  0:57  Drone  
  18  1:11  Hatchery  
  18  1:12  Extractor  
  18  1:16  Drone  
  17  1:20  Drone  
  18  1:33  Zergling x2  
  18  1:34  Queen  
  22  1:40  Drone  
  22  1:50  Overlord  
  22  2:09  Queen  
  22  2:12  Drone x2  
  26  2:17  Metabolic Boost  
  26  2:28  Queen  
  26  2:29  Drone  
  29  2:30  Drone  
  29  2:36  Drone x2  
  31  2:45  Drone x2  
  31  2:46  Overlord  
  33  2:53  Evolution Chamber, Drone x2  
  34  3:03  Zergling x4  
  36  3:08  Drone  
  36  3:09  Drone  
  38  3:18  Drone  
  39  3:20  Drone  
  39  3:21  Drone x2  
  39  3:23  Overlord  
  39  3:25  Zerg Ground Armor Level 1  
  42  3:28  Drone  
  42  3:34  Overlord  
  43  3:36  Extractor x2  
  43  3:37  Drone x2  
  44  3:41  Drone  
  44  3:42  Zergling x2  
  44  3:46  Drone  
  46  3:53  Drone  
  46  3:55  Lair  
  47  3:56  Drone x3  
  47  3:57  Drone  
  47  4:01  Overlord  
  51  4:07  Drone  
  51  4:09  Extractor  
  51  4:19  Drone  
  51  4:20  Drone x2  
  51  4:21  Zergling x2, Queen  
  57  4:25  Overlord  
  57  4:26  Zergling x6  
  57  4:29  Baneling Nest  
  59  4:31  Zergling x2  
  59  4:36  Zergling x2  
  61  4:42  Zergling x2  
  62  4:45  Spine Crawler  
  62  4:47  Zergling x2  
  62  4:49  Zergling x4  
  62  4:50  Zergling x2  
  65  4:57  Queen  
  64  5:11  Drone  
  64  5:12  Drone  
  64  5:13  Infestation Pit  
  65  5:21  Baneling  
  65  5:22  Baneling x3, Zerg Ground Armor Level 2  
  65  5:25  Evolution Chamber  
  65  5:27  Drone  
  65  5:30  Zergling x2  
  65  5:31  Overlord  
  65  5:32  Drone, Burrow  
  65  5:33  Drone  
  69  5:50  Zergling x20  
  69  5:54  Overlord  
  61  6:08  Drone  
  61  6:09  Drone  
  53  6:12  Drone  
  53  6:14  Drone  
  53  6:15  Drone x3  
  53  6:17  Pathogen Glands  
  56  6:21  Drone  
  56  6:24  Drone  
  58  6:32  Drone  
  56  6:39  Drone  
  57  6:43  Zerg Melee Weapons Level 1  
  57  6:45  Infestor  
  57  6:46  Infestor  
  61  6:49  Infestor  
  63  6:55  Drone x6  
  69  7:03  Overlord  
  69  7:09  Drone  
  69  7:15  Drone  
  71  7:17  Hatchery  
  71  7:21  Zergling x10  
  70  7:31  Zergling x6  
  70  7:33  Zergling x2  
  69  7:47  Zergling x10  
  67  8:04  Drone x2  
  67  8:05  Hatchery  
  68  8:06  Drone  
  68  8:11  Overlord  
  68  8:12  Hive  
  69  8:19  Infestor x4  
  75  8:21  Zergling x4  
  75  8:24  Overlord  
  79  8:36  Zergling x2  
  79  8:37  Zergling x4  
  82  8:44  Zergling x10  
  86  8:50  Zergling x2  
  86  8:51  Zergling x2  
  87  8:58  Zergling x2  
  87  8:59  Baneling x3, Zergling x2  
  87  9:00  Baneling x7  
  87  9:01  Zergling x2  
  88  9:08  Zergling x2  
  86  9:13  Zergling x6  
  86  9:14  Overlord  
  85  9:17  Zergling x2  
Show
View Real Time Build Order
Export as new Build Order

Zelos Terran 

Build Orders: Reaper Expand, MMM Bio 

Get SALT Encoding   

  12  0:02  SCV  
  13  0:14  SCV  
  13  0:19  Supply Depot  
  14  0:27  SCV  
  15  0:40  SCV  
  15  0:42  Barracks  
  16  0:45  Refinery  
  16  0:52  SCV  
  17  1:06  SCV  
  18  1:18  SCV  
  19  1:35  Reaper, Orbital Command  
  20  1:41  Command Center  
  20  1:52  Barracks  
  20  2:00  Supply Depot  
  20  2:01  SCV  
  20  2:07  Barracks Reactor  
  21  2:15  Refinery, SCV  
  22  2:32  SCV  
  22  2:35  Factory  
  23  2:41  Barracks Tech Lab  
  23  2:44  Marine, SCV  
  23  2:45  Marine  
  26  2:55  Orbital Command  
  26  2:56  SCV  
  27  2:59  Stimpack  
  27  3:02  Marine  
  28  3:07  Marine x2  
  28  3:09  SCV  
  31  3:21  SCV  
  31  3:24  Factory Reactor, Starport  
  31  3:26  SCV  
  33  3:31  Marine x2  
  33  3:33  Marine  
  33  3:34  SCV  
  37  3:38  SCV  
  38  3:59  Marine x3, Supply Depot  
  38  4:00  Supply Depot  
  41  4:03  SCV x2  
  41  4:07  Medivac  
  45  4:17  SCV  
  45  4:20  Marine x3, SCV, Medivac  
  45  4:23  Supply Depot  
  52  4:24  Supply Depot  
  52  4:29  SCV  
  53  4:32  SCV  
  53  4:36  Engineering Bay  
  53  4:38  Engineering Bay  
  54  4:41  Marine x2, SCV  
  54  4:42  Marine  
  54  4:45  SCV  
  59  4:46  Factory Tech Lab  
  59  4:59  Marine x2, Combat Shields  
  57  5:00  Marine  
  54  5:08  Terran Infantry Weapons Level 1  
  54  5:09  SCV x2  
  56  5:16  Marine  
  56  5:17  Marine  
  56  5:18  Marine  
  59  5:23  Refinery  
  59  5:24  SCV x2  
  61  5:34  Marine  
  62  5:36  Marine  
  62  5:37  Marine  
  62  5:39  SCV, Command Center  
  62  5:41  Terran Infantry Armor Level 1, SCV  
  66  5:51  SCV  
  66  5:54  Marine x2  
  66  5:56  Marine  
  66  6:12  Marine  
  66  6:15  Marine x2  
  66  6:16  Siege Tank, Medivac  
  66  6:17  SCV  
  66  6:18  SCV  
  72  6:25  Command Center  
  72  6:30  SCV x2  
  71  6:42  Armory, SCV x2  
  71  6:45  Refinery  
  73  6:47  Marine x2  
  73  6:48  Marauder  
  73  6:54  SCV  
  78  6:55  Supply Depot x2  
  78  6:59  Supply Depot  
  78  7:03  Supply Depot  
  78  7:16  Marine x2, SCV x2, Siege Tank  
  78  7:18  Supply Depot  
  78  7:19  Supply Depot  
  85  7:22  Marine  
  84  7:32  Barracks  
  84  7:34  Marine x2, Barracks  
  84  7:35  Barracks  
  81  7:40  Marine  
  54  7:54  Orbital Command  
  54  7:55  SCV x2  
  55  8:07  SCV  
  55  8:08  SCV  
  57  8:20  SCV x3  
  57  8:23  Barracks Tech Lab  
  59  8:32  Marine x2, SCV x2  
  63  8:36  Marine  
  63  8:37  Siege Tank  
  67  8:44  SCV  
  65  8:50  Marine x2  
  66  9:01  Marine  
  66  9:02  Marine x2  
  60  9:03  Marine  
  60  9:08  Marine x2  
  53  9:11  SCV  
  47  9:22  SCV  
Tags
 
Add a new tag
Caveats
  • Supply blocks, unpowered buildings, or Contaminate may cause inaccurate times.
  • Supply counts are checked every 10 seconds.